SA
SYRACUSE STORM @ WALLA WALLA WALLEYE
07/25/2027
 
TOP OF THE 1ST
Syracuse Storm batting - Pitching for Walla Walla Walleye : RHP Denny Tallman
Pitching: RHP Denny Tallman
Batting: RHB Tom Boyer 0-0: Called Strike
0-1: Swinging Strike
0-2: Strikes out swinging
Batting: LHB António Paez 0-0: Called Strike
0-1: Swinging Strike
0-2: Strikes out swinging
Batting: RHB Scott Donlan 0-0: Ball
1-0: SINGLE (Line Drive, 56)
Batting: RHB Jerry Bowen 0-0: Called Strike
0-1: Ball
1-1: Foul Ball, location: 2F
1-2: Strikes out swinging
Top of the 1st over - 0 run(s), 1 hit(s), 0 error(s), 1 left on base; Syracuse 0 - Walla Walla 0
BOTTOM OF THE 1ST
Walla Walla Walleye batting - Pitching for Syracuse Storm : LHP António Muñóz
Pitching: LHP António Muñóz
Batting: LHB Javier Reyes 0-0: Ball
1-0: Ball
2-0: Ball
3-0: Called Strike
3-1: Swinging Strike
3-2: Ground out 1-3 (Groundball, P)
Batting: RHB Nelson Jaramillo 0-0: Ball
1-0: Swinging Strike
1-1: Called Strike
1-2: Ball
2-2: Strikes out swinging
Batting: RHB Taylor Landis 0-0: Foul Ball, location: 2F
0-1: Called Strike
0-2: Foul Ball, location: 2F
0-2: Ball
1-2: Strikes out swinging
Bottom of the 1st over - 0 run(s), 0 hit(s), 0 error(s), 0 left on base; Syracuse 0 - Walla Walla 0
TOP OF THE 2ND
Syracuse Storm batting - Pitching for Walla Walla Walleye : RHP Denny Tallman
Batting: RHB Jim Unknown 0-0: Swinging Strike
0-1: Ball
1-1: Ball
2-1: Ball
3-1: Foul Ball, location: 2F
3-2: Strikes out looking
Batting: RHB Scotty Smalls 0-0: Foul Ball, location: 2F
0-1: Foul Ball, location: 2F
0-2: SINGLE (Groundball, 34D)
Batting: RHB Vince Staples 0-0: SINGLE (Flyball, 8RS)
Scotty Smalls to second
Batting: RHB Tsuginori Kobayashi 0-0: Swinging Strike
0-1: Called Strike
0-2: Ball
1-2: Fielders Choice at 2nd, 5-4 (Groundball, 56)
Scotty Smalls to third
Batting: LHB King Randell 0-0: Ball
1-0: Ball
2-0: Called Strike
2-1: Foul Ball, location: 2F
2-2: Fly out, F8 (Flyball, 8LM)
Top of the 2nd over - 0 run(s), 2 hit(s), 0 error(s), 2 left on base; Syracuse 0 - Walla Walla 0
BOTTOM OF THE 2ND
Walla Walla Walleye batting - Pitching for Syracuse Storm : LHP António Muñóz
Batting: LHB Rim Hong-Do 0-0: Ball
1-0: Fly out, F7 (Flyball, 7)
Batting: LHB Gareth Monahan 0-0: Foul Ball, location: 2F
0-1: Called Strike
0-2: Strikes out swinging
Batting: RHB Shuichi Saito 0-0: Called Strike
0-1: Ball
1-1: Ball
2-1: Swinging Strike
2-2: Ball
3-2: Foul Ball, location: 2F
3-2: Reached on error, E6 (Groundball, 6)
Batting: RHB Jimmy Fick 0-0: Foul Ball, location: 2F
0-1: Ball
1-1: Ball
2-1: Foul Ball, location: 2F
2-2: Foul Ball, location: 2F
2-2: Strikes out swinging
Bottom of the 2nd over - 0 run(s), 0 hit(s), 1 error(s), 1 left on base; Syracuse 0 - Walla Walla 0
TOP OF THE 3RD
Syracuse Storm batting - Pitching for Walla Walla Walleye : RHP Denny Tallman
Batting: RHB Tom Boyer 0-0: Ball
1-0: Ball
2-0: Ball
3-0: Called Strike
3-1: Called Strike
3-2: Strikes out swinging
Batting: LHB António Paez 0-0: Ground out 4-3 (Groundball, 34)
Batting: RHB Scott Donlan 0-0: Swinging Strike
0-1: DOUBLE (Flyball, 9D) - OUT at third base trying to stretch hit.
Top of the 3rd over - 0 run(s), 1 hit(s), 0 error(s), 0 left on base; Syracuse 0 - Walla Walla 0
BOTTOM OF THE 3RD
Walla Walla Walleye batting - Pitching for Syracuse Storm : LHP António Muñóz
Batting: RHB Leonardo Medina 0-0: Called Strike
0-1: Foul Ball, location: 2F
0-2: Ball
1-2: Ground out 5-3 (Groundball, 5)
Batting: RHB Cody Jaeckel 0-0: Ball
1-0: Ball
2-0: Ball
3-0: Called Strike
3-1: Ground out 6-3 (Groundball, 56)
Batting: LHB Javier Reyes 0-0: Ball
1-0: Called Strike
1-1: Foul Ball, location: 2F
1-2: Ball
2-2: Ball
3-2: Base on Balls
Batting: RHB Nelson Jaramillo 0-0: Ball
1-0: Foul Ball, location: 2F
1-1: Ball
2-1: Swinging Strike
2-2: Strikes out swinging
Bottom of the 3rd over - 0 run(s), 0 hit(s), 0 error(s), 1 left on base; Syracuse 0 - Walla Walla 0
TOP OF THE 4TH
Syracuse Storm batting - Pitching for Walla Walla Walleye : RHP Denny Tallman
Batting: RHB Jerry Bowen 0-0: Ground out 6-3 (Groundball, 6)
Batting: RHB Jim Unknown 0-0: Called Strike
0-1: Foul Ball, location: 2F
0-2: Ball
1-2: SINGLE (Line Drive, 56D)
Batting: RHB Scotty Smalls 0-0: Called Strike
0-1: Swinging Strike
0-2: Strikes out swinging
Batting: RHB Vince Staples 0-0: Ball
1-0: Called Strike
Jim Unknown steals 2nd base
1-1: Called Strike
1-2: SINGLE (Flyball, 8RS)
Jim Unknown to third
Runner from 3rd tries for Home, SAFE, no throw
Batting: RHB Tsuginori Kobayashi 0-0: Called Strike
0-1: Called Strike
0-2: Ball
1-2: Foul Ball, location: 2F
1-2: Fly out, F3 (Flyball, 3DF)
Top of the 4th over - 1 run(s), 2 hit(s), 0 error(s), 1 left on base; Syracuse 1 - Walla Walla 0
BOTTOM OF THE 4TH
Walla Walla Walleye batting - Pitching for Syracuse Storm : LHP António Muñóz
Batting: RHB Taylor Landis 0-0: Foul Ball, location: 2F
0-1: SINGLE (Flyball, 89S)
Batting: LHB Rim Hong-Do 0-0: Ball
1-0: Swinging Strike
1-1: Ball
2-1: Ball
3-1: Foul Ball, location: 2F
3-2: Foul Ball, location: 2F
3-2: Strikes out swinging
Batting: LHB Gareth Monahan 0-0: Called Strike
0-1: Ball
1-1: Swinging Strike
1-2: Ball
2-2: Ground out U3 (Groundball, 34S)
Taylor Landis to second
Batting: RHB Shuichi Saito 0-0: Foul Ball, location: 2F
0-1: Ground out 6-3 (Groundball, 6)
Bottom of the 4th over - 0 run(s), 1 hit(s), 0 error(s), 1 left on base; Syracuse 1 - Walla Walla 0
TOP OF THE 5TH
Syracuse Storm batting - Pitching for Walla Walla Walleye : RHP Denny Tallman
Batting: LHB King Randell 0-0: Swinging Strike
0-1: Swinging Strike
0-2: Strikes out looking
Batting: RHB Tom Boyer 0-0: Called Strike
0-1: Ball
1-1: Fly out, F8 (Flyball, 8RM)
Batting: LHB António Paez 0-0: Ball
1-0: Called Strike
1-1: Foul Ball, location: 2F
1-2: Strikes out swinging
Top of the 5th over - 0 run(s), 0 hit(s), 0 error(s), 0 left on base; Syracuse 1 - Walla Walla 0
BOTTOM OF THE 5TH
Walla Walla Walleye batting - Pitching for Syracuse Storm : LHP António Muñóz
Batting: RHB Jimmy Fick 0-0: Ball
1-0: Swinging Strike
1-1: Fly out, F7 (Flyball, 78M)
Batting: RHB Leonardo Medina 0-0: Ball
1-0: Called Strike
1-1: Foul Ball, location: 2F
1-2: Ball
2-2: Ball
3-2: Foul Ball, location: 2F
3-2: Fly out, F9 (Line Drive, 9)
Batting: RHB Cody Jaeckel 0-0: Called Strike
0-1: Ball
1-1: Swinging Strike
1-2: Strikes out looking
Bottom of the 5th over - 0 run(s), 0 hit(s), 0 error(s), 0 left on base; Syracuse 1 - Walla Walla 0
TOP OF THE 6TH
Syracuse Storm batting - Pitching for Walla Walla Walleye : RHP Denny Tallman
Batting: RHB Scott Donlan 0-0: Ball
1-0: Swinging Strike
1-1: Ball
2-1: Ball
3-1: Foul Ball, location: 2F
3-2: Foul Ball, location: 2F
3-2: Base on Balls
Batting: RHB Jerry Bowen 0-0: Swinging Strike
0-1: Foul Ball, location: 2F
0-2: Ball
1-2: Strikes out swinging
Batting: RHB Jim Unknown 0-0: Called Strike
0-1: Ball
1-1: Ball
2-1: Foul Ball, location: 2F
2-2: Foul Ball, location: 2F
2-2: Fly out, F9 (Flyball, 9)
Batting: RHB Scotty Smalls 0-0: SINGLE (Line Drive, 4M)
Scott Donlan to second
Batting: RHB Vince Staples 0-0: SINGLE (Groundball, 6D)
Scott Donlan to third
Scotty Smalls to second
Runner from 3rd tries for Home, SAFE, no throw
Batting: RHB Tsuginori Kobayashi 0-0: Ball
1-0: Ball
2-0: Called Strike
2-1: Called Strike
2-2: Ball
3-2: Strikes out swinging
Top of the 6th over - 1 run(s), 2 hit(s), 0 error(s), 2 left on base; Syracuse 2 - Walla Walla 0
BOTTOM OF THE 6TH
Walla Walla Walleye batting - Pitching for Syracuse Storm : LHP António Muñóz
Batting: LHB Javier Reyes 0-0: Ball
1-0: Called Strike
1-1: SINGLE (Line Drive, 89M)
Batting: RHB Nelson Jaramillo 0-0: Called Strike
0-1: Ball
1-1: Ball
2-1: TRIPLE (Groundball, 5L)
Javier Reyes scores
Batting: RHB Taylor Landis 0-0: Foul Ball, location: 2F
0-1: Ground out 2-3 (Groundball, 15S)
Batting: LHB Rim Hong-Do 0-0: Foul Ball, location: 2F
0-1: Ground out 5-3 (Groundball, 56S)
Batting: LHB Gareth Monahan 0-0: Ball
1-0: Fly out, F4 (Line Drive, 4)
Bottom of the 6th over - 1 run(s), 2 hit(s), 0 error(s), 1 left on base; Syracuse 2 - Walla Walla 1
TOP OF THE 7TH
Syracuse Storm batting - Pitching for Walla Walla Walleye : RHP Denny Tallman
Batting: LHB King Randell 0-0: Single, Error in OF, E7, batter to second base
Pinch Hitting: SHB Jim Unknown 0-0: Intentional Walk
Pinch Runner at 2nd José Colón:
Pinch Hitting: LHB Jim Unknown 0-0: Bunted foul
0-1: Ball
1-1: Ball
2-1: Sac Bunt - play at first, batter OUT! 1-4
José Colón to third
Jim Unknown to second
Batting: RHB Scott Donlan 0-0: Intentional Walk
Pitching: LHP Homer Robertson
Batting: RHB Jerry Bowen 0-0: Called Strike
0-1: Foul Ball, location: 2F
0-2: Ball
1-2: Foul Ball, location: 2F
1-2: Strikes out looking
Batting: RHB Jim Unknown 0-0: Ball
1-0: Ball
2-0: Called Strike
2-1: Foul Ball, location: 2F
2-2: Ball
3-2: Strikes out swinging
Top of the 7th over - 0 run(s), 1 hit(s), 1 error(s), 3 left on base; Syracuse 2 - Walla Walla 1
BOTTOM OF THE 7TH
Walla Walla Walleye batting - Pitching for Syracuse Storm : LHP António Muñóz
Now at 2B: William Duffy
Now in LF: Jim Unknown
Batting: RHB Shuichi Saito 0-0: Fly out, F8 (Flyball, 8LS)
Batting: RHB Jimmy Fick 0-0: Ball
1-0: Foul Ball, location: 2F
1-1: Foul Ball, location: 2F
1-2: Foul Ball, location: 2F
1-2: Foul Ball, location: 2F
1-2: Ball
2-2: Ball
3-2: Strikes out swinging
Batting: RHB Leonardo Medina 0-0: Called Strike
0-1: Fly out, F9 (Flyball, 9S)
Bottom of the 7th over - 0 run(s), 0 hit(s), 0 error(s), 0 left on base; Syracuse 2 - Walla Walla 1
TOP OF THE 8TH
Syracuse Storm batting - Pitching for Walla Walla Walleye : LHP Homer Robertson
Batting: RHB Scotty Smalls 0-0: Called Strike
0-1: Hit by Pitch
Batting: RHB Vince Staples 0-0: Bunted foul
0-1: Ball
1-1: Sac Bunt - play at second, runner OUT! 1-6
Batting: RHB Tsuginori Kobayashi 0-0: Called Strike
0-1: Ball
1-1: Ball
2-1: Fly out, F8 (Flyball, 8RM)
Batting: RHB José Colón 0-0: Foul Ball, location: 2F
0-1: SINGLE (Line Drive, 9LM)
Vince Staples to second
Runner from 2nd tries for 3rd, SAFE, no throw
Batting: LHB William Duffy 0-0: Foul Ball, location: 2F
0-1: Swinging Strike
0-2: Ball
1-2: Strikes out swinging
Top of the 8th over - 0 run(s), 1 hit(s), 0 error(s), 2 left on base; Syracuse 2 - Walla Walla 1
BOTTOM OF THE 8TH
Walla Walla Walleye batting - Pitching for Syracuse Storm : LHP António Muñóz
Batting: RHB Cody Jaeckel 0-0: SINGLE (Line Drive, 78S)
Batting: LHB Javier Reyes 0-0: Ball
1-0: Sac Bunt - play at first, batter OUT! U3
Cody Jaeckel to second
Batting: RHB Nelson Jaramillo 0-0: Ball
1-0: Foul Ball, location: 2F
1-1: Ball
2-1: SINGLE (Groundball, 6) (infield hit)
Cody Jaeckel to third
Pitching: RHP Jim Unknown
Batting: RHB Taylor Landis 0-0: Ball
1-0: Called Strike
1-1: Foul Ball, location: 2F
1-2: SINGLE (Groundball, 34D)
Cody Jaeckel scores
Nelson Jaramillo to second
Runner from 2nd tries for 3rd, SAFE, throw made to third
Batting: LHB Rim Hong-Do 0-0: Called Strike
0-1: Ball
1-1: Fly out, F8 (Flyball, 89M)
Runner from 3rd tags up, SCORES, no throw
Batting: LHB Gareth Monahan 0-0: Ground out U3 (Groundball, 34S)
Bottom of the 8th over - 2 run(s), 3 hit(s), 0 error(s), 1 left on base; Syracuse 2 - Walla Walla 3
TOP OF THE 9TH
Syracuse Storm batting - Pitching for Walla Walla Walleye : LHP Homer Robertson
Pitching: RHP Martyn Drdio
Now at C: Joaquín Villarreal
Now at 2B: Rex Criscuolo
Now at SS: Chavo Guerrero, Jr.
Batting: LHB Jim Unknown 0-0: Ball
1-0: Foul Ball, location: 2F
1-1: Ball
2-1: Ball
3-1: Base on Balls
Batting: RHB Scott Donlan 0-0: Ball
1-0: Ball
2-0: Ball
3-0: Base on Balls
Jim Unknown to second
Batting: RHB Jerry Bowen 0-0: Ball
1-0: Ball
2-0: Ball
3-0: Base on Balls
Jim Unknown to third
Scott Donlan to second
Batting: RHB Jim Unknown 0-0: Ball
1-0: Ball
2-0: Foul Ball, location: 2F
2-1: Fly out, F9 (Line Drive, 9LM)
Runner from 3rd tags up, SCORES, no throw
Pinch Hitting: RHB Alejandro Villegas 0-0: Ball
1-0: Foul Ball, location: 2F
1-1: Ball
Wild Pitch!
Scott Donlan to third
Jerry Bowen to second
2-1: Ball
3-1: Fly out, F8 (Flyball, 8RM)
Batting: RHB Vince Staples 0-0: Ball
1-0: Ball
2-0: Ball
3-0: Base on Balls
Batting: RHB Tsuginori Kobayashi 0-0: Ball
1-0: SINGLE (Flyball, 9LS)
Scott Donlan scores
Jerry Bowen to third
Vince Staples to second
Runner from 3rd tries for Home, SAFE, no throw
Pitching: RHP Fernando Barraza
Batting: RHB José Colón 0-0: Ball
1-0: Called Strike
1-1: Foul Ball, location: 2F
1-2: Ball
2-2: Foul Ball, location: 2F
2-2: Foul Ball, location: 2F
2-2: Ball
3-2: Foul Ball, location: 2F
3-2: Fly out, F6 (Popup, 5D)
Top of the 9th over - 3 run(s), 1 hit(s), 0 error(s), 2 left on base; Syracuse 5 - Walla Walla 3
BOTTOM OF THE 9TH
Walla Walla Walleye batting - Pitching for Syracuse Storm : RHP Jim Unknown
Now at SS: Aethelwulf Haraldson
Batting: RHB Joaquín Villarreal 0-0: Ball
1-0: Fly out, F8 (Flyball, 8LM)
Batting: RHB Jimmy Fick 0-0: Ball
1-0: Foul Ball, location: 2F
1-1: Ball
2-1: Foul Ball, location: 2F
2-2: Foul Ball, location: 2F
2-2: Foul Ball, location: 2F
2-2: Foul Ball, location: 2F
2-2: Ball
3-2: Foul Ball, location: 2F
3-2: Foul Ball, location: 2F
3-2: Base on Balls
Pinch Hitting: SHB António Zúñiga 0-0: Ball
1-0: Ball
2-0: Called Strike
2-1: Ball
3-1: Fielders Choice at 2nd, 4-6 (Groundball, 4)
Pinch Hitting: RHB José Mercado 0-0: Foul Ball, location: 2F
0-1: Ball
1-1: Ball
2-1: Ball
3-1: Base on Balls
António Zúñiga to second
Pinch Hitting: LHB Arnau Zabajeta 0-0: Foul Ball, location: 2F
0-1: Called Strike
0-2: Strikes out swinging
Bottom of the 9th over - 0 run(s), 0 hit(s), 0 error(s), 2 left on base; Syracuse 5 - Walla Walla 3
Saturday, May 26th, 2018 - OOTP Baseball 17.12 Build 75